cohdb
Replays
Latest Replays
All Replays
Popular Replays
Top Player Replays
Match Explorer
How It Works
Community
CoH3 Stats
Reddit
Sign in to upload your games and track your stats! →
Sign in with Steam
Match 39152144
Unlisted
Match 39152144
Overview
Messages
Build Orders
End
Construct Barracks
Selects Armored Battlegroup
Selects Veteran Crews
1⁄4-ton 4x4 Truck
Riflemen Squad
Riflemen Squad
Grenade Package
M1 Mortar Team
Selects Fast Deploy
Riflemen Squad
Infantry Support Center
Construct Medical Station
M1918 Browning Automatic Rifles
Selects M8 Scott SPG
Construct Motor Pool
M24 Chaffee Light Tank
Engineer Squad
Selects Field Repairs
Selects War Machine
.30 cal Machine Gun
Advanced Logistics
Construct Tank Depot
M1 Anti-tank Gun Team
M4A1 Sherman Medium Tank
M1 Anti-tank Gun Team
Riflemen Squad
Riflemen Squad
Field Repairs
.30 cal Machine Gun
M4A1 Sherman Medium Tank
Field Repairs
M4A1 Sherman Medium Tank
Selects M4A3E8 Sherman Combat Group
Survival Training
Demolitions Package
Field Repairs
ajmonsterman
Mad GobliN
RexyMR
Heliski
Bighazelnut
DRSCHACN
0
0
Comments
sign in to comment!
No comments posted yet!